PA
GALESBURG GUZZLERS @ CHICAGO TULA
09/04/2034
 
TOP OF THE 1ST
Galesburg Guzzlers batting - Pitching for Chicago Tula : RHP Carlos Vargas
Pitching: RHP Carlos Vargas
Batting: RHB Don Pokorski 0-0: Ball
1-0: Ball
2-0: SINGLE (Flyball, 78M)
Batting: LHB Evan Meertens 0-0: Called Strike
Don Pokorski is caught stealing 2nd base
0-1: Swinging Strike
0-2: Ball
1-2: SINGLE (Line Drive, 4MD)
Batting: RHB Ernesto Amézaga 0-0: Ball
1-0: Foul Ball, location: 2F
1-1: Ball
2-1: Called Strike
2-2: Foul Ball, location: 2F
2-2: Foul Ball, location: 2F
2-2: Foul Ball, location: 2F
2-2: Ball
3-2: Fly out, F8 (Flyball, 8LD)
Batting: LHB Brendon Lewis 0-0: Ball
Evan Meertens steals 2nd base
1-0: Called Strike
1-1: Swinging Strike
1-2: Ball
Wild Pitch!
Evan Meertens to third
2-2: Strikes out looking
Top of the 1st over - 0 runs, 2 hits, 0 errors, 1 left on base; Galesburg 0 - Chicago 0
BOTTOM OF THE 1ST
Chicago Tula batting - Pitching for Galesburg Guzzlers : LHP Gilberto Chávez
Pitching: LHP Gilberto Chávez
Batting: RHB Fernando Flores 0-0: Called Strike
0-1: Ball
1-1: Called Strike
1-2: Foul Ball, location: 2F
1-2: Strikes out swinging
Batting: RHB Lorenzo Varela 0-0: Called Strike
0-1: Called Strike
0-2: Strikes out swinging
Batting: RHB Eric Deweese 0-0: Ball
1-0: Foul Ball, location: 2F
1-1: Foul Ball, location: 2F
1-2: Ball
2-2: Ball
3-2: Foul Ball, location: 2F
3-2: Strikes out looking
Bottom of the 1st over - 0 runs, 0 hits, 0 errors, 0 left on base; Galesburg 0 - Chicago 0
TOP OF THE 2ND
Galesburg Guzzlers batting - Pitching for Chicago Tula : RHP Carlos Vargas
Batting: RHB Gerald Snow 0-0: Called Strike
0-1: Swinging Strike
0-2: Ball
1-2: Ball
2-2: Fly out, F8 (Flyball, 8RD)
Batting: SHB Louie Vipont 0-0: Ball
1-0: Swinging Strike
1-1: Ball
2-1: Ball
3-1: DOUBLE (Line Drive, 78D)
Batting: RHB Bob Williams 0-0: Called Strike
Louie Vipont is caught stealing 3rd base
0-1: Ball
1-1: SINGLE (Flyball, 8LS)
Batting: RHB António Delgado 0-0: Called Strike
0-1: Ball
1-1: Swinging Strike
1-2: Foul Ball, location: 2F
1-2: Foul Ball, location: 2F
1-2: Foul Ball, location: 2F
1-2: Ball
2-2: Fly out, F7 (Flyball, 78D)
Top of the 2nd over - 0 runs, 2 hits, 0 errors, 1 left on base; Galesburg 0 - Chicago 0
BOTTOM OF THE 2ND
Chicago Tula batting - Pitching for Galesburg Guzzlers : LHP Gilberto Chávez
Batting: LHB Pancho González 0-0: Ball
1-0: Ground out 5-3 (Groundball, 56)
Batting: RHB David Snider 0-0: Fly out, F3 (Popup, 3SF)
Batting: RHB Brian Rowe 0-0: Ball
1-0: SINGLE (Groundball, 56S) (infield hit)
Batting: RHB Louis Chevrolet 0-0: Swinging Strike
0-1: Called Strike
0-2: Ball
1-2: Foul Ball, location: 2F
1-2: Ball
2-2: Ball
3-2: Foul Ball, location: 2F
3-2: Foul Ball, location: 2F
3-2: Fly out, F4 (Popup, 4M)
Bottom of the 2nd over - 0 runs, 1 hit, 0 errors, 1 left on base; Galesburg 0 - Chicago 0
TOP OF THE 3RD
Galesburg Guzzlers batting - Pitching for Chicago Tula : RHP Carlos Vargas
Batting: RHB Manny Diéguez 0-0: Ball
1-0: Ball
2-0: Called Strike
2-1: Ball
3-1: Base on Balls
Batting: RHB Don Pokorski 0-0: Swinging Strike
0-1: Ball
1-1: Ball
2-1: Fly out, F9 (Line Drive, 9LM)
Batting: LHB Evan Meertens 0-0: Ball
1-0: DOUBLE (Line Drive, 89D)
Manny Diéguez to third
Batting: RHB Ernesto Amézaga 0-0: Ground out 5-3 (Groundball, 56)
Manny Diéguez scores
Batting: LHB Brendon Lewis 0-0: Called Strike
0-1: Ball
1-1: Foul Ball, location: 2F
1-2: Foul Ball, location: 2F
1-2: Ball
2-2: Foul Ball, location: 2F
2-2: DOUBLE (Groundball, 3L)
Evan Meertens scores
Batting: RHB Gerald Snow 0-0: Ball
1-0: DOUBLE (Line Drive, 89M)
Brendon Lewis scores
Batting: SHB Louie Vipont 0-0: Ground out 6-3 (Groundball, 6)
Top of the 3rd over - 3 runs, 3 hits, 0 errors, 1 left on base; Galesburg 3 - Chicago 0
BOTTOM OF THE 3RD
Chicago Tula batting - Pitching for Galesburg Guzzlers : LHP Gilberto Chávez
Batting: RHB Michel Morand 0-0: Ball
1-0: Foul Ball, location: 2F
1-1: SINGLE (Flyball, 78S)
Batting: RHB Rafael Pérez 0-0: Ball
1-0: Ball
2-0: Called Strike
2-1: Ball
3-1: DOUBLE (Line Drive, 7LD)
Michel Morand to third
Batting: RHB Fernando Flores 0-0: Ball
1-0: Swinging Strike
1-1: Ball
2-1: Foul Ball, location: 2F
2-2: Foul Ball, location: 2F
2-2: Ground out 3-1 (Groundball, 34)
Michel Morand scores
Rafael Pérez to third
Batting: RHB Lorenzo Varela 0-0: Ball
1-0: SINGLE (Groundball, 56D)
Rafael Pérez scores
Batting: RHB Eric Deweese 0-0: Ball
1-0: Swinging Strike
1-1: Ball
2-1: Foul Ball, location: 2F
2-2: Foul Ball, location: 2F
2-2: SINGLE (Line Drive, 56D)
Lorenzo Varela to second
Batting: LHB Pancho González 0-0: Ball
1-0: Ball
2-0: Ball
3-0: Called Strike
3-1: SINGLE (Line Drive, 9S)
Lorenzo Varela to third
Eric Deweese to second
Batting: RHB David Snider 0-0: Ball
1-0: Called Strike
1-1: SINGLE (Groundball, 34D)
Lorenzo Varela scores
Eric Deweese to third
Pancho González to second
Runner from 3rd tries for Home, SAFE, no throw
Batting: RHB Brian Rowe 0-0: Ball
1-0: Ground out 5-3 (Groundball, 56S)
Pancho González to third
David Snider to second
Batting: RHB Louis Chevrolet 0-0: Called Strike
0-1: Called Strike
0-2: Foul Ball, location: 2F
0-2: Fly out, F7 (Flyball, 7D)
Bottom of the 3rd over - 4 runs, 6 hits, 0 errors, 2 left on base; Galesburg 3 - Chicago 4
TOP OF THE 4TH
Galesburg Guzzlers batting - Pitching for Chicago Tula : RHP Carlos Vargas
Batting: RHB Bob Williams 0-0: Called Strike
0-1: Foul Ball, location: 2F
0-2: Foul Ball, location: 2F
0-2: Ground out 6-3 (Groundball, 6)
Batting: RHB António Delgado 0-0: Called Strike
0-1: Ball
1-1: Ball
2-1: Called Strike
2-2: Ball
3-2: Strikes out looking
Batting: RHB Manny Diéguez 0-0: Called Strike
0-1: Ball
1-1: Ball
2-1: SOLO HOME RUN (Flyball, 89D), Distance : 387 ft
Batting: RHB Don Pokorski 0-0: Ball
1-0: Swinging Strike
1-1: SINGLE (Groundball, 34D)
Batting: LHB Evan Meertens 0-0: Foul Ball, location: 2F
0-1: Ball
1-1: Swinging Strike
1-2: Strikes out looking
Top of the 4th over - 1 run, 2 hits, 0 errors, 1 left on base; Galesburg 4 - Chicago 4
BOTTOM OF THE 4TH
Chicago Tula batting - Pitching for Galesburg Guzzlers : LHP Gilberto Chávez
Batting: RHB Michel Morand 0-0: Ground out 6-3 (Groundball, 56)
Batting: RHB Rafael Pérez 0-0: Called Strike
0-1: SINGLE (Groundball, 4MD)
Batting: RHB Fernando Flores 0-0: SINGLE (Groundball, 6MD)
Rafael Pérez to second
Runner from 2nd tries for 3rd, SAFE, no throw
Batting: RHB Lorenzo Varela 0-0: Called Strike
0-1: Ball
1-1: Grounds out, U3 (Groundball, 3L)
Rafael Pérez scores
Batting: RHB Eric Deweese 0-0: Ball
1-0: Ball
2-0: Ball
3-0: Called Strike
3-1: Foul Ball, location: 2F
3-2: Foul Ball, location: 2F
3-2: Base on Balls
Batting: LHB Pancho González 0-0: Called Strike
0-1: Ball
1-1: Fly out, F7 (Flyball, 7S)
Bottom of the 4th over - 1 run, 2 hits, 0 errors, 2 left on base; Galesburg 4 - Chicago 5
TOP OF THE 5TH
Galesburg Guzzlers batting - Pitching for Chicago Tula : RHP Carlos Vargas
Batting: RHB Ernesto Amézaga 0-0: Called Strike
0-1: Ball
1-1: Ball
2-1: Ball
3-1: Called Strike
3-2: Fly out, F8 (Flyball, 8RM)
Batting: LHB Brendon Lewis 0-0: Called Strike
0-1: Ball
1-1: Ball
2-1: Ball
3-1: Base on Balls
Batting: RHB Gerald Snow 0-0: Ball
1-0: Foul Ball, location: 2F
1-1: Ground out 5-3 (Groundball, 56S)
Brendon Lewis to second
Batting: SHB Louie Vipont 0-0: Called Strike
0-1: Foul Ball, location: 2F
0-2: Ball
1-2: SINGLE (Groundball, 34S) (infield hit)
Brendon Lewis to third
Pitching: LHP Kieran Parham
Batting: RHB Bob Williams 0-0: Ball
1-0: Foul Ball, location: 2F
1-1: Swinging Strike
1-2: Ball
2-2: Ball
3-2: Base on Balls
Louie Vipont to second
Batting: RHB António Delgado 0-0: Ball
1-0: Fly out, F9 (Flyball, 9)
Top of the 5th over - 0 runs, 1 hit, 0 errors, 3 left on base; Galesburg 4 - Chicago 5
BOTTOM OF THE 5TH
Chicago Tula batting - Pitching for Galesburg Guzzlers : LHP Gilberto Chávez
Batting: RHB David Snider 0-0: Ball
1-0: Called Strike
1-1: Swinging Strike
1-2: Strikes out swinging
Batting: RHB Brian Rowe 0-0: Foul Ball, location: 2F
0-1: Ball
1-1: Bunted foul
1-2: Ball
2-2: Ground out 6-3 (Groundball, 6)
Pitching: RHP Lee Gunn
Batting: RHB Louis Chevrolet 0-0: Ball
1-0: Ball
2-0: Ball
3-0: Base on Balls
Batting: RHB Michel Morand 0-0: Ball
1-0: SINGLE (Groundball, 34D)
Louis Chevrolet to second
Runner from 2nd tries for 3rd, SAFE, no throw
Batting: RHB Rafael Pérez 0-0: Called Strike
0-1: Ball
1-1: Foul Ball, location: 2F
1-2: Ball
2-2: Strikes out looking
Bottom of the 5th over - 0 runs, 1 hit, 0 errors, 2 left on base; Galesburg 4 - Chicago 5
TOP OF THE 6TH
Galesburg Guzzlers batting - Pitching for Chicago Tula : LHP Kieran Parham
Batting: RHB Manny Diéguez 0-0: SINGLE (Groundball, 34D)
Batting: RHB Don Pokorski 0-0: Sac Bunt - play at first, batter OUT! 5-4
Manny Diéguez to second
Batting: LHB Evan Meertens 0-0: Fly out, F5 (Line Drive, 5S)
Batting: RHB Ernesto Amézaga 0-0: Swinging Strike
Passed Ball!
Manny Diéguez to third
0-1: Foul Ball, location: 2F
0-2: Ball
1-2: DOUBLE (Flyball, 78D)
Manny Diéguez scores
Batting: LHB Brendon Lewis 0-0: Called Strike
0-1: Called Strike
0-2: Foul Ball, location: 2F
0-2: Strikes out swinging
Top of the 6th over - 1 run, 2 hits, 0 errors, 1 left on base; Galesburg 5 - Chicago 5
BOTTOM OF THE 6TH
Chicago Tula batting - Pitching for Galesburg Guzzlers : RHP Lee Gunn
Batting: RHB Fernando Flores 0-0: Fly out, F9 (Line Drive, 9)
Batting: RHB Lorenzo Varela 0-0: Called Strike
0-1: Ball
1-1: Foul Ball, location: 2F
1-2: SINGLE (Groundball, 4D)
Batting: RHB Eric Deweese 0-0: Called Strike
0-1: Ball
Wild Pitch!
Lorenzo Varela to second
1-1: Ball
2-1: Foul Ball, location: 2F
2-2: Strikes out swinging
Batting: LHB Pancho González 0-0: Ball
1-0: Ball
2-0: Called Strike
2-1: Swinging Strike
2-2: Foul Ball, location: 2F
2-2: 2-RUN HOME RUN (Flyball, 89XD), Distance : 394 ft
Pitching: RHP Vicente Mota
Batting: RHB David Snider 0-0: Ball
1-0: Called Strike
1-1: Swinging Strike
1-2: Ball
2-2: Strikes out swinging
Bottom of the 6th over - 2 runs, 2 hits, 0 errors, 0 left on base; Galesburg 5 - Chicago 7
TOP OF THE 7TH
Galesburg Guzzlers batting - Pitching for Chicago Tula : LHP Kieran Parham
Batting: RHB Gerald Snow 0-0: Ball
1-0: Called Strike
1-1: Ground out 1-3 (Groundball, 15S)
Batting: SHB Louie Vipont 0-0: Ball
1-0: Foul Ball, location: 2F
1-1: DOUBLE (Line Drive, 8RD)
Batting: RHB Bob Williams 0-0: Ball
1-0: Ground out 4-3 (Groundball, 4)
Louie Vipont to third
Batting: RHB António Delgado 0-0: SINGLE (Groundball, 6MD)
Louie Vipont scores
Batting: RHB Manny Diéguez 0-0: Called Strike
0-1: SINGLE (Groundball, 34D)
António Delgado to second
Runner from 2nd tries for 3rd, SAFE, no throw
Pitching: RHP Jeff Dunn
Batting: RHB Don Pokorski 0-0: Ball
1-0: Swinging Strike
1-1: Foul Ball, location: 2F
1-2: Foul Ball, location: 2F
1-2: Ball
2-2: Foul Ball, location: 2F
2-2: DOUBLE (Line Drive, 7D)
António Delgado scores
Manny Diéguez to third
Runner from 3rd tries for Home, SAFE, no throw
Pinch Hitting: RHB Telman Gadzhiyev 0-0: Ball
1-0: Ball
2-0: Foul Ball, location: 2F
2-1: SINGLE (Groundball, 56D)
Don Pokorski to third
Runner from 3rd tries for Home, SAFE, no throw
Batting: RHB Ernesto Amézaga 0-0: Ball
1-0: Foul Ball, location: 2F
1-1: Foul Ball, location: 2F
1-2: Strikes out swinging
Top of the 7th over - 4 runs, 5 hits, 0 errors, 1 left on base; Galesburg 9 - Chicago 7
BOTTOM OF THE 7TH
Chicago Tula batting - Pitching for Galesburg Guzzlers : RHP Vicente Mota
Now in LF: Telman Gadzhiyev
Batting: RHB Brian Rowe 0-0: Ball
1-0: Ball
2-0: Ball
3-0: Base on Balls
Batting: RHB Louis Chevrolet 0-0: Called Strike
0-1: Ball
1-1: Ball
2-1: Ball
3-1: Ball
Brian Rowe to second
Pinch Hitting: SHB Naif Na'Il bin Musa 0-0: Ball
Wild Pitch!
Brian Rowe to third
Louis Chevrolet to second
1-0: Foul Ball, location: 2F
1-1: Reached on error, E7 (Flyball, 7S)
Brian Rowe scores
Louis Chevrolet to third
Batting: RHB Rafael Pérez 0-0: Ball
1-0: Ball
2-0: Fielders Choice at 2nd, 1-6 (Groundball, P)
Batting: RHB Fernando Flores 0-0: Hit by Pitch
Rafael Pérez to second
Batting: RHB Lorenzo Varela 0-0: Ball
1-0: Fielders Choice at 3rd, U5 (Groundball, 5L)
Louis Chevrolet scores
Fernando Flores to second
Batting: RHB Eric Deweese 0-0: Ball
1-0: Ball
2-0: Ball
3-0: Base on Balls
Fernando Flores to third
Lorenzo Varela to second
Batting: LHB Pancho González 0-0: Ball
1-0: Ground out 6-3 (Groundball, 56D)
Bottom of the 7th over - 2 runs, 0 hits, 1 error, 3 left on base; Galesburg 9 - Chicago 9
TOP OF THE 8TH
Galesburg Guzzlers batting - Pitching for Chicago Tula : RHP Jeff Dunn
Now in LF: Charlie Passell
Batting: LHB Brendon Lewis 0-0: Called Strike
0-1: Ball
1-1: Called Strike
1-2: Ball
2-2: Foul Ball, location: 2F
2-2: Strikes out looking
Batting: RHB Gerald Snow 0-0: Ball
1-0: Ball
2-0: Called Strike
2-1: Hit by Pitch
Pinch Runner at 1st Manny Valentín:
Batting: SHB Louie Vipont 0-0: Swinging Strike
Manny Valentín steals 2nd base
0-1: Ball
1-1: Hit by Pitch
Batting: RHB Bob Williams 0-0: Foul Ball, location: 2F
0-1: Ball
1-1: Grounds into double play, 1-6-3 (Groundball, 13S)
Top of the 8th over - 0 runs, 0 hits, 0 errors, 1 left on base; Galesburg 9 - Chicago 9
BOTTOM OF THE 8TH
Chicago Tula batting - Pitching for Galesburg Guzzlers : RHP Vicente Mota
Now at 2B: Manny Valentín
Batting: RHB David Snider 0-0: Ball
1-0: Ball
2-0: Ball
3-0: Called Strike
3-1: Base on Balls
Batting: RHB Brian Rowe 0-0: Fly out, F8 (Flyball, 8LD)
Batting: RHB Louis Chevrolet 0-0: Ball
1-0: Foul Ball, location: 2F
1-1: Ball
2-1: Ball
3-1: Called Strike
3-2: Ground out U3 (Groundball, 34)
David Snider to second
Batting: RHB Charlie Passell 0-0: Called Strike
0-1: Foul Ball, location: 2F
0-2: Ball
1-2: Ball
2-2: Ball
3-2: Base on Balls
Batting: RHB Rafael Pérez 0-0: Ball
1-0: SINGLE (Flyball, 89S)
David Snider to third
Charlie Passell to second
Pitching: LHP César Villanueva
Batting: RHB Fernando Flores 0-0: Called Strike
0-1: Foul Ball, location: 2F
0-2: Ball
1-2: Foul Ball, location: 2F
1-2: Ball
2-2: Foul Ball, location: 2F
2-2: Ball
3-2: Fly out, F8 (Flyball, 78D)
Bottom of the 8th over - 0 runs, 1 hit, 0 errors, 3 left on base; Galesburg 9 - Chicago 9
TOP OF THE 9TH
Galesburg Guzzlers batting - Pitching for Chicago Tula : RHP Jeff Dunn
Pitching: RHP Peer Aarsen
Batting: RHB António Delgado 0-0: Called Strike
0-1: Swinging Strike
0-2: Ball
1-2: Fly out, F9 (Flyball, 9)
Batting: RHB Manny Diéguez 0-0: Called Strike
0-1: Ball
1-1: Ball
2-1: SINGLE (Groundball, 56D)
Batting: RHB Don Pokorski 0-0: Ball
1-0: Called Strike
1-1: Foul Ball, location: 2F
1-2: Fly out, F5 (Popup, 5F)
Batting: RHB Telman Gadzhiyev 0-0: Ball
1-0: Fielders Choice at 2nd, 6-4 (Groundball, 6)
Top of the 9th over - 0 runs, 1 hit, 0 errors, 1 left on base; Galesburg 9 - Chicago 9
BOTTOM OF THE 9TH
Chicago Tula batting - Pitching for Galesburg Guzzlers : LHP César Villanueva
Batting: RHB Lorenzo Varela 0-0: Ball
1-0: Swinging Strike
1-1: Swinging Strike
1-2: Strikes out swinging
Batting: RHB Eric Deweese 0-0: Called Strike
0-1: Foul Ball, location: 2F
0-2: Foul Ball, location: 2F
0-2: Foul Ball, location: 2F
0-2: Strikes out swinging
Batting: LHB Pancho González 0-0: Ball
1-0: Ball
2-0: Ball
3-0: Called Strike
3-1: Called Strike
3-2: DOUBLE (Flyball, 89XD)
Batting: RHB David Snider 0-0: Foul Ball, location: 2F
0-1: Ball
1-1: Ground out 6-3 (Groundball, 6)
Bottom of the 9th over - 0 runs, 1 hit, 0 errors, 1 left on base; Galesburg 9 - Chicago 9
TOP OF THE 10TH
Galesburg Guzzlers batting - Pitching for Chicago Tula : RHP Peer Aarsen
Batting: RHB Ernesto Amézaga 0-0: Foul Ball, location: 2F
0-1: Called Strike
0-2: Fly out, F3 (Flyball, 3D)
Batting: LHB Brendon Lewis 0-0: Ball
1-0: Ball
2-0: Swinging Strike
2-1: Ball
3-1: Foul Ball, location: 2F
3-2: Foul Ball, location: 2F
3-2: SINGLE (Line Drive, 6MD)
Pinch Runner at 1st Gonzalo Reyes:
Pinch Hitting: RHB Jeremy Migliorati 0-0: Ball
1-0: Ball
Gonzalo Reyes steals 2nd base
2-0: Ball
3-0: Base on Balls
Batting: SHB Louie Vipont 0-0: Ball
1-0: Swinging Strike
1-1: Ball
2-1: Fly out, F9 (Flyball, 9S)
Batting: RHB Bob Williams 0-0: Ball
1-0: Ball
2-0: Fly out, F9 (Flyball, 89D)
Top of the 10th over - 0 runs, 1 hit, 0 errors, 2 left on base; Galesburg 9 - Chicago 9
BOTTOM OF THE 10TH
Chicago Tula batting - Pitching for Galesburg Guzzlers : LHP César Villanueva
Now at 1B: Gonzalo Reyes
Now at 2B: Augusto Lucero
Batting: RHB Brian Rowe 0-0: Ball
1-0: SINGLE (Groundball, 56D)
Batting: RHB Louis Chevrolet 0-0: Sac Bunt - play at second, runner OUT! 5-6
Batting: RHB Charlie Passell 0-0: Ball
1-0: Foul Ball, location: 2F
1-1: Ball
2-1: Foul Ball, location: 2F
2-2: Grounds into double play, 4-6-3 (Groundball, 4)
Bottom of the 10th over - 0 runs, 1 hit, 0 errors, 0 left on base; Galesburg 9 - Chicago 9
TOP OF THE 11TH
Galesburg Guzzlers batting - Pitching for Chicago Tula : RHP Peer Aarsen
Pitching: RHP Dou-guan Shao
Batting: RHB António Delgado 0-0: Ball
1-0: Called Strike
1-1: Foul Ball, location: 2F
1-2: Ball
2-2: Strikes out swinging
Batting: RHB Manny Diéguez 0-0: Called Strike
0-1: Foul Ball, location: 2F
0-2: Ball
1-2: Strikes out swinging
Batting: RHB Don Pokorski 0-0: Ball
1-0: Called Strike
1-1: Foul Ball, location: 2F
1-2: Foul Ball, location: 2F
1-2: Strikes out swinging
Top of the 11th over - 0 runs, 0 hits, 0 errors, 0 left on base; Galesburg 9 - Chicago 9
BOTTOM OF THE 11TH
Chicago Tula batting - Pitching for Galesburg Guzzlers : LHP César Villanueva
Batting: RHB Rafael Pérez 0-0: Ball
1-0: Called Strike
1-1: Fly out, F6 (Flyball, 6MD)
Pinch Hitting: RHB Frank de Blooys 0-0: Ball
1-0: Ball
2-0: Called Strike
2-1: Ground out 5-3 (Groundball, 5S)
Batting: RHB Lorenzo Varela 0-0: Ground out 1-3 (Groundball, 13S)
Bottom of the 11th over - 0 runs, 0 hits, 0 errors, 0 left on base; Galesburg 9 - Chicago 9
TOP OF THE 12TH
Galesburg Guzzlers batting - Pitching for Chicago Tula : RHP Dou-guan Shao
Now at 3B: Tae-wan Kim
Batting: RHB Telman Gadzhiyev 0-0: Ball
1-0: SINGLE (Groundball, 6D)
Batting: RHB Ernesto Amézaga 0-0: Fly out, F8 (Flyball, 8LD)
Pinch Hitting: RHB Ben Bowers 0-0: Called Strike
0-1: Called Strike
0-2: Ball
1-2: Foul Ball, location: 2F
1-2: Strikes out swinging
Batting: RHB Augusto Lucero 0-0: Foul Ball, location: 2F
0-1: Ball
1-1: Swinging Strike
1-2: Ground out 5-3 (Groundball, 5S)
Top of the 12th over - 0 runs, 1 hit, 0 errors, 1 left on base; Galesburg 9 - Chicago 9
BOTTOM OF THE 12TH
Chicago Tula batting - Pitching for Galesburg Guzzlers : LHP César Villanueva
Now at 1B: Ben Bowers
Batting: RHB Eric Deweese 0-0: Ball
1-0: Foul Ball, location: 2F
1-1: Swinging Strike
1-2: Hit by Pitch
Batting: LHB Pancho González 0-0: Foul Ball, location: 2F
0-1: Foul Ball, location: 2F
0-2: Ball
1-2: DOUBLE (Line Drive, 9LM)
Eric Deweese to third
Batting: RHB David Snider 0-0: Called Strike
0-1: Fly out, F3 (Popup, 3S)
Batting: RHB Brian Rowe 0-0: Intentional Walk
Batting: RHB Louis Chevrolet 0-0: Ball
1-0: Ball
2-0: Fly out, F7 (Flyball, 7LS)
Batting: RHB Charlie Passell 0-0: Ball
1-0: Ball
2-0: Swinging Strike
2-1: Foul Ball, location: 2F
2-2: Ball
3-2: GRAND SLAM HOME RUN (Line Drive, 7LD), Distance : 354 ft
Friday, March 29th, 2019 - OOTP Baseball 18.8 Build 76